 Dungeon Crawl Stone Soup version 0.18.1-48-g4cf74bf (webtiles) character file.

1472 Iskender the Covert (level 8, -9/46 HPs)
             Began as an Octopode Wanderer on Aug 23, 2016.
             Was an Initiate of Okawaru.
             Mangled by an orc warrior
             ... wielding a +0 hand axe
              (25 damage)
             ... on level 7 of the Dungeon.
             The game lasted 00:49:33 (5447 turns).

Iskender the Covert (Octopode Wanderer)             Turns: 5447, Time: 00:49:34

Health: -9/46      AC:  1    Str: 14    XL:     8   Next: 78%
Magic:  17/18      EV: 15    Int: 13    God:    Okawaru [......]
Gold:   479        SH:  0    Dex: 20    Spells: 2 memorised, 4 levels left

rFire  + + +     SeeInvis .     a - +6 hand axe of the Wilderness {chop, rF+ Dex+6}
rCold  . . .     Gourm    .     (no shield)
rNeg   + . .     Faith    .     (helmet restricted)
rPois  .         Spirit   .     S - amulet of Raxkoxij {Harm *Drain rF+ rN+}
rElec  .         Dismiss  .     r - +2 ring of dexterity
rCorr  .         Reflect  .     D - ring of magical power
SustAt +         Harm     +     K - ring of sustain attributes
MR     .....                    N - ring of protection from fire
Stlth  ++++++....               (no ring)
                                (no ring)
                                (no ring)
                                (no ring)

@: shrouded, not resistant to hostile enchantments, very stealthy
A: almost no armour, amphibious, 8 rings, constrict 8, camouflage 1, gelatinous
body 1
a: Renounce Religion


You were on level 7 of the Dungeon.
You worshipped Okawaru.
Okawaru was noncommittal.
You were not hungry.

You visited 2 branches of the dungeon, and saw 8 of its levels.

You collected 479 gold pieces.

Inventory:

Hand Weapons
 a - the +6 hand axe of the Wilderness (weapon) {chop, rF+ Dex+6}
   (You found it on level 5 of the Dungeon)

   It inflicts extra damage upon your enemies.
   It affects your dexterity (+6).
   It protects you from fire.
 h - a +4 dagger
 w - a +0 whip
 y - a +0 trident
 B - a +0 broad axe
 H - a +0 mace of draining
Missiles
 j - 84 sling bullets
 k - 3 javelins (quivered)
 p - 221 stones
Jewellery
 r - a +2 ring of dexterity (left tentacle)
 D - a ring of magical power (right tentacle)
 K - a ring of sustain attributes (on tentacle)
 N - a ring of protection from fire (on tentacle)
 S - the amulet of Raxkoxij (around mantle) {Harm *Drain rF+ rN+}
   (You acquired it on level 6 of the Dungeon)

   [amulet of harm]

   It increases damage dealt and taken.
   It protects you from fire.
   It protects you from negative energy.
Wands
 v - a wand of flame (14/48)
 F - a wand of lightning (0/15)
Scrolls
 l - a scroll of amnesia {unknown}
 n - 2 scrolls of magic mapping
 o - 2 scrolls of teleportation
 q - a scroll of enchant armour
 s - a scroll of enchant weapon
 t - a scroll of remove curse
 x - a scroll of blinking
 A - a scroll of fear {unknown}
 I - a scroll of recharging {unknown}
 J - a scroll of identify
 O - a scroll of acquirement
Potions
 c - 5 potions of curing
 e - a potion of haste
 g - a potion of cure mutation {unknown}
 u - a potion of invisibility
 z - 3 potions of might {unknown}
 C - 3 potions of brilliance {unknown}
 E - a potion of flight {unknown}
 G - a potion of lignification {unknown}
 M - a potion of cancellation {unknown}
 Q - 2 potions of agility {unknown}
 T - a potion of mutation {unknown}
Books
 b - the Almanac of Black Magic

   Spells                             Type                      Level
   a - Pain                           Necromancy                   1
   b - Regeneration                   Charms/Necromancy            3
 d - a book of Battle

   Spells                             Type                      Level
   a - Infusion                       Charms                       1
   b - Shroud of Golubria             Charms/Translocation         2
   c - Song of Slaying                Charms                       2
   d - Spectral Weapon                Hexes/Charms                 3
   e - Regeneration                   Charms/Necromancy            3
Comestibles
 f - 4 bread rations
 i - 2 slices of pizza
 m - 6 meat rations
 L - a beef jerky
 P - 9 chunks of flesh


   Skills:
 - Level 3.1(4.4) Axes
 - Level 5.0(5.4) Maces & Flails
 - Level 2.0 Throwing
 + Level 4.6 Dodging
 - Level 10.1 Stealth
   Level 1.0 Shields
 - Level 1.0 Spellcasting
 - Level 4.0 Charms
 - Level 1.5 Necromancy
 - Level 1.1 Evocations


You had 4 spell levels left.
You knew the following spells:

 Your Spells              Type           Power        Failure   Level  Hunger
c - Regeneration          Chrm/Necr      #.........   28%         3    ####...
g - Shroud of Golubria    Chrm/Tloc      #.........   21%         2    ###....


Dungeon Overview and Level Annotations

Branches:
Dungeon (7/15)             Temple (1/1) D:7

Altars:
Ashenzari
Cheibriados
Dithmenos
Elyvilon
Fedhas
Kikubaaqudgha
Makhleb
Nemelex Xobeh
Okawaru
Pakellas
Qazlal
Sif Muna
Trog
Vehumet
Xom
Yredelemnul
Zin
The Shining One

Annotations:
D:3 imphell's ghost, amateur DrBe


Innate Abilities, Weirdness & Mutations

You cannot wear most types of armour.
You are amphibious.
You can wear up to eight rings at the same time.
You can use your tentacles to constrict eight enemies at once.
Your skin changes colour to match your surroundings (Stealth).
Your rubbery body absorbs attacks (AC +1).


Message History

You hit the orc warrior but do no damage.
You squeeze the orc warrior.
The orc warrior is lightly wounded.
You constrict the orc warrior, but do no damage.
The orc warrior closely misses you.
You hit the orc warrior.
The orc warrior is moderately wounded.
You constrict the orc warrior.
The orc warrior hits you with a hand axe!!
Ouch! That really hurt!
You hit the orc warrior.
You squeeze the orc warrior, but do no damage.
The orc warrior is severely wounded.
You constrict the orc warrior. The orc warrior misses you.
You barely miss the orc warrior.
The orc warrior is almost dead.
You constrict the orc warrior, but do no damage.
The orc warrior hits you with a hand axe!!
Ouch! That really hurt!
You die...

....... ###....## ### ....(..
#........###.# ..(.(..
##........##..# #...........
#.........##.#. #.......(..
##.........#..#. ...........#
#..........#..#.
#.......(.(####.............#.
#.o.....#.(.#................
#......(.#o@..).............
#.....(.####................
###..# #.................
#(.## #................. ##.##
#...............>. ##.##
#..........รท...... ##.##
##......##........ ##o.#
##...####........ ##..## #####
##.......


You could see an orc warrior.

Vanquished Creatures
  A hippogriff (D:7)
  A sky beast (D:6)
  An ice beast (D:7)
  3 ogres
  4 scorpions
  A howler monkey (D:5)
  2 centaur zombies
  2 giant frog zombies
  A hound (D:3)
  2 jellies
  2 orc priests (D:7)
  A giant frog skeleton (D:7)
  2 orc wizards (D:7)
  Natasha (D:2)
  2 iguanas (D:4)
  A worker ant (D:6)
  A howler monkey zombie (D:5)
  A howler monkey skeleton (D:4)
  8 adders
  5 shadow imps
  An ooze (D:3)
  An adder skeleton (D:6)
  A dart slug (D:1)
  7 giant geckos
  2 orcs
  4 giant cockroaches
  2 hobgoblins (D:2)
  4 jackals (D:5)
  6 kobolds
  2 ball pythons
  A ball python skeleton (D:4)
  3 bats (D:3)
  3 giant newts
  5 goblins
  7 rats
91 creatures vanquished.

Notes
Turn   | Place    | Note
--------------------------------------------------------------
     0 | D:1      | Iskender the Octopode Wanderer began the quest for the Orb.
     0 | D:1      | Iskender set off with: a book of Battle, the Almanac of Black Magic, a potion of curing, a +0 club, a bread ration
     0 | D:1      | Reached XP level 1. HP: 11/11 MP: 2/2
     0 | D:1      | Identified the Almanac of Black Magic
   288 | D:1      | Reached skill level 1 in Stealth
   288 | D:1      | Reached XP level 2. HP: 14/17 MP: 3/3
   305 | D:1      | Learned a level 2 spell: Shroud of Golubria
   426 | D:1      | Reached skill level 2 in Stealth
   561 | D:2      | Noticed Natasha
   835 | D:2      | Reached XP level 3. HP: 15/21 MP: 4/4
   928 | D:2      | Found a bloodstained altar of Trog.
   959 | D:2      | Killed Natasha
   959 | D:2      | Reached skill level 1 in Throwing
   959 | D:2      | Reached XP level 4. HP: 18/27 MP: 5/5
  1132 | D:2      | Learned a level 3 spell: Regeneration
  1294 | D:3      | Noticed imphell's ghost (amateur DrBe)
  1626 | D:3      | Reached skill level 3 in Stealth
  1902 | D:3      | Reached skill level 4 in Stealth
  2107 | D:4      | Found a stormy altar of Qazlal.
  2164 | D:4      | Reached XP level 5. HP: 29/31 MP: 6/6
  2793 | D:4      | Reached skill level 5 in Stealth
  2967 | D:4      | Noticed an ogre
  2971 | D:4      | Killed an ogre
  2971 | D:4      | Reached skill level 6 in Stealth
  2971 | D:4      | Reached XP level 6. HP: 19/36 MP: 7/7
  3047 | D:4      | Reached skill level 7 in Stealth
  3090 | D:5      | Entered Level 5 of the Dungeon
  3261 | D:5      | Reached skill level 5 in Maces & Flails
  3327 | D:5      | Got an encrusted hand axe
  3328 | D:5      | Identified the +6 hand axe of the Wilderness {chop, rF+ Dex+6} (You found it on level 5 of the Dungeon)
  3451 | D:5      | Reached skill level 1 in Necromancy
  3451 | D:5      | Reached XP level 7. HP: 18/41 MP: 8/8
  3486 | D:5      | Reached skill level 1 in Dodging
  3670 | D:5      | Found an oddly glowing altar of Pakellas.
  3705 | D:5      | Reached skill level 1 in Axes
  3718 | D:5      | Found a sparkling altar of Nemelex Xobeh.
  4150 | D:6      | Reached XP level 8. HP: 37/46 MP: 9/9
  4476 | D:6      | Identified 2 scrolls of acquirement
  4477 | D:6      | Got a smoking bronze amulet
  4478 | D:6      | Identified the amulet of Raxkoxij {Harm *Drain rF+ rN+} (You acquired it on level 6 of the Dungeon)
  4589 | D:7      | Reached skill level 8 in Stealth
  4801 | D:7      | Found a staircase to the Ecumenical Temple.
  4807 | Temple   | Entered the Ecumenical Temple
  5055 | Temple   | Became a worshipper of Warmaster Okawaru
  5310 | D:7      | Reached skill level 9 in Stealth
  5430 | D:7      | Reached skill level 10 in Stealth
  5447 | D:7      | Mangled by an orc warrior

Skill      XL: |  1  2  3  4  5  6  7  8 |
---------------+-------------------------+-----
Stealth        | 1 2 4 6 7 10 | 10.1
Throwing       | 1 2 |  2.0
Maces & Flails | 5 |  5.0
Necromancy     | 1 |  1.5
Dodging        | 4 |  4.6
Axes           | 3 |  3.1
Shields        | |  1.0
Spellcasting   | |  1.0
Charms         | |  4.0
Evocations     | |  1.1

Action                   |  1- 3 |  4- 6 |  7- 9 || total
-------------------------+-------+-------+-------++-------
Melee: Club              |    23 |       |       ||    23
       Constrict         |     9 |    13 |    14 ||    36
       Tentacles         |     6 |    15 |    14 ||    35
       Mace              |     8 |    58 |       ||    66
       Hand axe          |       |     5 |    61 ||    66
Throw: Javelin           |     9 |    16 |    40 ||    65
       Stone             |    24 |    32 |    37 ||    93
 Cast: Shroud of Golubri |     1 |     4 |     5 ||    10
       Regeneration      |       |     6 |    14 ||    20
Evoke: Wand              |       |     2 |     4 ||     6
  Use: Scroll            |       |     9 |     3 ||    12
 Stab: Sleeping          |     4 |     6 |     6 ||    16
       Distracted        |       |       |     1 ||     1
  Eat: Chunk             |       |     7 |     3 ||    10
       Royal jelly       |       |     1 |     1 ||     2
       Bread ration      |       |       |     1 ||     1
       Beef jerky        |       |       |     1 ||     1
Armor: Skin              |     2 |     4 |     2 ||     8
Dodge: Dodged            |    12 |    28 |    24 ||    64
